 Dungeon Crawl Stone Soup version 0.31-a0-675-g238779eb0a (webtiles) character file.

Game seed: 18029655599534076752

54 Xavori the Cutter (level 3, -1/28 HPs)
             Began as an Octopode Chaos Knight on Sept 6, 2023.
             Was a Plaything of Xom.
             Hit by a goblin thrown by Robin (2 damage)
             ... on level 2 of the Dungeon.
             The game lasted 00:01:12 (7834 turns).

Xavori the Cutter (Octopode Chaos Knight)           Turns: 7834, Time: 00:01:12

Health: -1/28      AC:  1    Str: 14    XL:     3   Next: 91%
Magic:  3/3        EV: 13    Int: 17    God:    Xom [....*.]
Gold:   112        SH:  0    Dex: 11    Spells: 2/2 levels left

rFire   . . .        h - +2 rapier (chaos)
rCold   + . .        (no shield)
rNeg    . . .        (helmet restricted)
rPois   +            (no amulet)
rElec   .            (no ring)
rCorr   .            (no ring)
SInv    .            (no ring)
Will    +....        (no ring)
Stlth   ++           (no ring)
HPRegen 0.24/turn    (no ring)
MPRegen 0.08/turn    (no ring)
                     (no ring)

%: clarity
@: unable to read
A: almost no armour, amphibious, 8 rings, camouflage 1, gelatinous body 1,
(nimble swimmer 1), tentacles, tentacle spike 1, clarity, clever 1, cold
resistance 1, strong-willed 1, passive freeze, poison resistance, robust 1,
strong 1, evolution 1, inability to drink after injury 1, inability to read
after injury 1
a: Renounce Religion


You were on level 2 of the Dungeon.
You worshipped Xom.
You were a beloved toy of Xom.
You visited 1 branch of the dungeon, and saw 2 of its levels.

You collected 112 gold pieces.

Inventory:

Hand Weapons
 a - a +0 short sword of chaos
 h - a +2 rapier of chaos (weapon)
Jewellery
 j - a ring of positive energy
Scrolls
 b - a scroll of butterflies
 d - 2 scrolls of teleportation {unknown}
 e - a scroll of revelation {unknown}
 f - 6 scrolls of identify {unknown}
 g - a scroll of fog {unknown}
 i - a scroll of enchant armour {unknown}
Potions
 c - a potion of ambrosia {unknown}


   Skills:
 + Level 3.6 Fighting
 + Level 3.7 Short Blades
 + Level 2.7 Dodging
 + Level 1.1 Stealth


You had 2 spell levels left.
You didn't know any spells.
Your spell library contained the following spells:

 Spells                   Type           Power      Damage    Failure   Level
 Scorch                   Fire           0%         2d5       34%         2
 Gell's Gravitas          Tloc           0%         N/A       56%         3
 Hailstorm                Conj/Ice       0%         3d3       56%         3
 Teleport Other           Tloc           0%         N/A       56%         3
 Flame Wave               Conj/Fire      0%         2d4       93%         4
 Summon Ice Beast         Ice/Summ       0%         N/A       93%         4
 Dispersal                Tloc           0%         N/A       100%        6
 Simulacrum               Ice/Necr       0%         N/A       100%        6
 Summon Cactus Giant      Summ           0%         N/A       100%        6


Dungeon Overview and Level Annotations

Branches:
Dungeon (2/15)

Altars:
Qazlal

Annotations:
D:2 Robin


Innate Abilities, Weirdness & Mutations

You cannot wear most types of armour.
You are amphibious.
You can wear up to eight rings at the same time.
Your skin changes colour to match your surroundings (Stealth+).
Your rubbery body absorbs attacks. (AC +1, EV +1)
((You are camouflaged when in or above water. (Stealth+)))
You have tentacles for arms and can constrict up to eight enemies at once.
One of your tentacles bears a spike.
You possess an exceptional clarity of mind.
Your mind is acute. (Int +4, Str/Dex -1)
Your flesh is cold resistant. (rC+)
You are strong-willed. (Will+)
A frigid envelope surrounds you and freezes all who hurt you.
Your system is resistant to poisons. (rPois)
You are robust. (+10% HP)
Your muscles are strong. (Str +4, Int/Dex -1)
You have hidden genetic potential.
You occasionally lose the ability to drink potions when taking damage.
You occasionally lose the ability to read scrolls when taking damage.


Message History

You grab the goblin. You squeeze the goblin.
You kill the goblin!
The goblin hits you with a +0 club!
The goblin is very cold.
The goblin is heavily wounded.
The goblin closely misses you.
You hit the goblin.
You kill the goblin!
You closely miss the goblin. Your grab misses the goblin.
The goblin hits you with a +0 dagger.
* * * LOW HITPOINT WARNING * * *
The goblin is very cold.
The goblin is moderately wounded.
Unknown command.
You puncture the goblin! You burn the goblin.
You kill the goblin!
You hit the goblin. Your grab misses the goblin.
The goblin is severely wounded.
The goblin hits you with a +2 dagger of protection.
* * * LOW HITPOINT WARNING * * *
The goblin is very cold.
You kill the goblin!
The goblin hits you with a +0 dagger.
* * * LOW HITPOINT WARNING * * *
The goblin is very cold.
You kill the goblin!
The goblin no longer looks unusually strong.
Things that are here:
a +0 dagger; a goblin corpse You barely miss Robin.
Your grab misses Robin. Robin throws the goblin at you!
The goblin hits you with a +0 dagger.
* * * LOW HITPOINT WARNING * * *
The goblin is very cold.
The goblin is heavily wounded.
Unknown command.
You closely miss the goblin. Your grab misses the goblin.
Your tentacle spike misses the goblin.
Your squeeze misses the goblin.
The goblin is heavily wounded.
Robin throws the goblin at you!
You die...
Robin lets out a smug laugh. #..>........... ..... .........##### #... ###......## #..# ##.# ####.#..#### #..#g.g.. #.......#### #gg.g.gg?

āˆ† #####......###.#
#.......#)g###.#.gāˆ†
# ###...g.#.........
# #......g@g.####.#..
.# #........)...# .#
#...............# āˆ†
..#
#........#.##.....
āˆ† ..# #######.##?#
#.... .... #.##.#
..#. ###.#### #..#.#
... . .....## ##...#
#. .# #...#####...##


You could see Robin and 3 goblins.

Vanquished Creatures
  2 adders (D:2)
  A worm (D:2)
  A bat (D:1)
  2 endoplasms
  A giant cockroach (D:1)
  11 goblins
  3 hobgoblins
  2 kobolds (D:1)
  A quokka (D:1)
  2 ball pythons (D:1)
  A frilled lizard (D:2)
  3 rats (D:1)
30 creatures vanquished.

Notes
Turn   | Place    | Note
-------+----------+-------------------------------------------
     0 | D:1      | Xavori the Octopode Chaos Knight began the quest for the
                  | Orb.
     0 | D:1      | Reached XP level 1. HP: 16/16 MP: 1/1
    17 | D:1      | XOM: butterfly on damage
    34 | D:1      | Reached XP level 2. HP: 17/21 MP: 2/2
   314 | D:1      | XOM: silly message
   352 | D:1      | XOM: silly message
   457 | D:2      | Reached XP level 3. HP: 25/26 MP: 3/3
   517 | D:1      | XOM: divination: detect items
   881 | D:1      | XOM: divination: detect creatures
   919 | D:1      | XOM: summons 2 hostile demons
  1054 | D:2      | XOM: noise
  1133 | D:1      | XOM: silly message
  1954 | D:1      | XOM: give mutation
  1954 | D:1      | Gained mutation: You occasionally lose the ability to read
                  | scrolls when taking damage. [Xom's mischief]
  2463 | D:1      | XOM: give mutations
  2463 | D:1      | Gained mutation: Your flesh is cold resistant. (rC+) [Xom's
                  | grace]
  2463 | D:1      | Gained mutation: You possess an exceptional clarity of
                  | mind. [Xom's grace]
  2594 | D:1      | XOM: give mutations
  2594 | D:1      | Gained mutation: You occasionally lose the ability to drink
                  | potions when taking damage. [Xom's mischief]
  2594 | D:1      | Gained mutation: Your system is resistant to poisons.
                  | (rPois) [Xom's mischief]
  2594 | D:1      | Gained mutation: You are strong-willed. (Will+) [Xom's
                  | mischief]
  2751 | D:1      | XOM: cloud trail
  2989 | D:1      | XOM: give mutations
  2989 | D:1      | Gained mutation: A frigid envelope surrounds you and
                  | freezes all who hurt you. [Xom's grace]
  2989 | D:1      | Gained mutation: You are robust. (+10% HP) [Xom's grace]
  3007 | D:1      | XOM: give mutation
  3007 | D:1      | Gained mutation: You have hidden genetic potential. [Xom's
                  | grace]
  3176 | D:1      | XOM: summons 2 hostile demons
  3347 | D:1      | XOM is BORED!
  3436 | D:1      | XOM: summons 2 hostile demons
  3524 | D:2      | XOM: give mutations
  3524 | D:2      | Lost mutation: You are strong-willed. (Will+) [Xom's
                  | mischief]
  3524 | D:2      | Gained mutation: Your muscles are strong. (Str +4, Int/Dex
                  | -1) [Xom's mischief]
  3524 | D:2      | Lost mutation: Your muscles are strong. (Str +4, Int/Dex
                  | -1) [Xom's mischief]
  5934 | D:1      | XOM: god gift: 60 gold pieces
  6502 | D:1      | XOM: god gift: quarterstaff {god gift}
  6616 | D:1      | XOM: give mutation
  6616 | D:1      | Gained mutation: You are strong-willed. (Will+) [Xom's
                  | grace]
  6763 | D:1      | XOM: cloud trail
  6796 | D:1      | XOM: god gift: runed rapier {god gift}
  7459 | D:1      | XOM: give mutations
  7459 | D:1      | Gained mutation: Your muscles are strong. (Str +4, Int/Dex
                  | -1) [Xom's grace]
  7459 | D:1      | Gained mutation: Your mind is acute. (Int +4, Str/Dex -1)
                  | [Xom's grace]
  7459 | D:1      | Gained mutation: One of your tentacles bears a spike.
                  | [Xom's grace]
  7816 | D:2      | Found a stormy altar of Qazlal.
  7816 | D:2      | Noticed Robin
  7820 | D:2      | XOM: divination: detect items
  7826 | D:2      | Reached skill level 1 in Stealth
  7833 | D:2      | HP: 1/28 [goblin/+0 dagger[Robin] (2)]
  7834 | D:2      | Hit by a goblin thrown by Robin

Illustrated notes

Levels and vault maps discovered:
D:1:      minmay_arrival_open_corners, layout_rooms
D:2:      layout_rooms, basic_altar, uniq_robin

Skill      XL: |  1  2  3 |
---------------+----------+-----
Stealth        | 1 |  1.1
Fighting       | |  3.6
Short Blades   | |  3.7
Dodging        | |  2.7

Action                     || total
---------------------------++-------
  Melee: Short sword       ||    33
         Constrict         ||    16
         Tentacles         ||    11
         Punch             ||     1
         Rapier            ||    16
         Kick              ||     4
   Stab: Sleeping          ||     2
 Armour: Skin              ||    23
  Dodge: Dodged            ||    23

Table legend: (Time is in decaauts)
 A = Elapsed time spent in this place.
 B = Non-inter-level travel time spent in this place.
 C = Inter-level travel time spent in this place.
 D = Time resting spent in this place.
 E = Time spent auto-exploring this place.
 F = Levels seen in this place.
 G = Mean time per level.
                   A        B        C        D        E       F      G
               +--------+--------+--------+--------+--------+-----+--------+
         Total |   7833 |   7807 |     26 |   7169 |    460 |   2 | 3916.5 |
       Dungeon |   7833 |   7807 |     26 |   7169 |    460 |   2 | 3916.5 |
               +--------+--------+--------+--------+--------+-----+--------+

Top non-repeatable levels by time:
     D:1: 7109 daAuts
     D:2: 723 daAuts
